 Dungeon Crawl Stone Soup version 0.29-a0-643-ga013cefcf8 (webtiles) character file.

Game seed: 14472575593436295433

23356 melvinkitnick the Frost Mage (level 12, -3/76 HPs)
             Began as a Deep Elf Ice Elementalist on June 19, 2022.
             Was a Priest of Vehumet.
             Slain by a death yak simulacrum (20 damage)
             ... in an ice cave.
             The game lasted 01:08:46 (16494 turns).

melvinkitnick the Frost Mage (DEIE)                Turns: 16494, Time: 01:08:47

Health: -3/76      AC:  7    Str:  5    XL:     12   Next: 71%
Magic:  5/26       EV: 18    Int: 26    God:    Vehumet [***...]
Gold:   1014       SH:  0    Dex: 15    Spells: 3/27 levels left

rFire   x . .      SeeInvis .   G - staff of cold
rCold   + + .      Faith    .   (no shield)
rNeg    . . .      Spirit   .   C - +1 troll leather armour
rPois   .          Reflect  .   p - +0 helmet
rElec   .          Harm     .   (no cloak)
rCorr   .          Rampage  .   (no gloves)
Will    +....                   s - +0 pair of boots
Stlth   ++........              (no amulet)
HPRegen 1.02/turn               e - +4 ring of evasion
MPRegen 0.20/turn               I - ring of ice

@: very slightly contaminated, studying Bows
A: no striking features
a: Renounce Religion


You were in an ice cave.
You worshipped Vehumet.
Vehumet was most pleased with you.
You visited 3 branches of the dungeon, and saw 16 of its levels.
You also visited: Bailey and Ice Cave.

You collected 1014 gold pieces.

Inventory:

Hand Weapons
 d - the +6 dagger of Defiance {drain, rC+}
   (You found it on level 2 of the Dungeon)

   A truly terrible weapon, it drains the life of any living foe it strikes.
   rC:        It protects you from cold.
 h - the +7 flail of Hubris {freeze, rC- rCorr Int+3 Dex-5}
   (You found it on level 1 of the Lair of Beasts)

   It freezes those it strikes, dealing additional cold damage.
   It can also slow down cold-blooded creatures.
   Int:       It affects your intelligence (+3).
   Dex:       It affects your dexterity (-5).
   rC:        It makes you vulnerable to cold.
   rCorr:     It protects you from acid and corrosion.
Missiles
 a - 2 javelins
 v - 2 throwing nets
 A - a curare-tipped dart (quivered)
Armour
 n - a +2 robe of cold resistance
 p - a +0 helmet (worn)
 s - a +0 pair of boots (worn)
 y - a +0 robe of willpower
 C - a +1 troll leather armour (worn)
Magical Staves
 k - a staff of air
 m - a staff of fire
 G - a staff of cold (weapon)
 L - a staff of poison
Jewellery
 e - a +4 ring of evasion (left hand)
 x - a +6 ring of strength
 B - an amulet of faith
 H - a ring of protection from fire
 I - a ring of ice (right hand)
Wands
 c - a wand of polymorph (5)
 u - a wand of iceblast (9)
 z - a wand of light (4)
Scrolls
 f - a scroll of amnesia
 j - 5 scrolls of teleportation
 r - 3 scrolls of fear
 t - 4 scrolls of fog
 E - 3 scrolls of magic mapping
 J - 2 scrolls of poison
 M - a scroll of blinking
 N - 4 scrolls of identify
Potions
 b - 2 potions of magic
 g - 4 potions of heal wounds
 i - 3 potions of might
 l - 4 potions of flight
 o - 3 potions of cancellation
 q - 6 potions of curing
 w - 3 potions of attraction
 D - 4 potions of mutation
 F - a potion of invisibility
 K - 2 potions of brilliance


   Skills:
 + Level 9.4 Fighting
 - Level 8.0 Dodging
 - Level 2.4 Stealth
 - Level 8.0 Spellcasting
 - Level 8.0 Conjurations
 * Level 14.8 Ice Magic
 + Level 7.6 Evocations


You had 3 spell levels left.
You knew the following spells:

 Your Spells              Type           Power      Damage    Failure   Level
a - Apportation           Tloc           20%        N/A       10%         1
b - Frozen Ramparts       Ice            100%       1d12      1%          3
c - Hailstorm             Conj/Ice       100%       3d20      1%          4
d - Freezing Cloud        Conj/Ice/Air   42%        6-21      3%          5
e - Ozocubu's Armour      Ice            100%       N/A       1%          3
f - Scorch                Fire           20%        2d6       4%          2
w - Freeze                Ice            100%       1d11      0%          1
x - Irradiate             Conj/Tmut      15%        3d18      13%         5

Your spell library contained the following spells:

 Spells                   Type           Power      Damage    Failure   Level
 Iskenderun's Battlesphe  Conj           51%        2d10      2%          5
 Mephitic Cloud           Conj/Pois/Air  24%        N/A       2%          3
 Ignite Poison            Fire/Tmut/Pois 10%        N/A       8%          3
 Gell's Gravitas          Tloc           10%        N/A       28%         3
 Tukima's Dance           Hex            10%        N/A       28%         3
 Flame Wave               Conj/Fire      31%        2d8       5%          4
 Yara's Violent Unravell  Hex/Tmut       5%         3d4       52%         5
 Anguish                  Hex/Necr       5%         N/A       67%         4
 Animate Dead             Necr           10%        N/A       67%         4
 Passage of Golubria      Tloc           10%        N/A       67%         4
 Alistair's Intoxication  Tmut/Pois      6%         N/A       95%         5
 Borgnjor's Vile Clutch   Necr/Erth      5%         N/A       95%         5
 Death Channel            Necr           5%         N/A       100%        6
 Summon Cactus Giant      Summ           5%         N/A       100%        6
 Dragon Form              Tmut           5%         N/A       100%        7
 Enfeeble                 Hex            5%         N/A       100%        7


Dungeon Overview and Level Annotations

Branches:
Dungeon (10/15)            Temple (1/1) D:5            Lair (5/6) D:8
 Shoals (0/4) Lair:3        Snake (0/4) Lair:2       Bailey (visited)
  IceCv (1/1)
  Slime: Lair:5-6       Orc: D:9-12

Altars:
Cheibriados
Elyvilon
Kikubaaqudgha
Makhleb
Nemelex Xobeh
Okawaru
Ru
Sif Muna
Uskayaw
Vehumet
Wu Jian
Yredelemnul
Zin
The Shining One
Lugonu

Shops:
D:4 (   D:6 *

Annotations:
Lair:1 1 runed translucent door, melvinkitnick's ghost, journeyman DEEE


Message History

Nothing appears to happen.
Casting: Scorch (safe; 4% risk of failure)
Confirm with . or Enter, or press ? or * to list all spells.
Flames lash the ice devil but do no damage.
The death yak simulacrum completely misses you.
Casting: Scorch (safe; 4% risk of failure)
Confirm with . or Enter, or press ? or * to list all spells.
Flames lash the ice devil.
The ice devil is burned terribly!
The ice devil is lightly wounded.
The ice devil's fire resistance burns away.
The death yak simulacrum closely misses you.
The ice devil barely misses you.
Casting: Scorch (safe; 4% risk of failure)
Confirm with . or Enter, or press ? or * to list all spells.
Flames lash the death yak simulacrum.
The death yak simulacrum melts!
The death yak simulacrum is almost destroyed.
The death yak simulacrum's fire resistance burns away.
The death yak simulacrum gores you! The death yak simulacrum freezes you!
You resist. The ice devil hits you! The ice devil freezes you! You resist.
Casting: Scorch (safe; 4% risk of failure)
Confirm with . or Enter, or press ? or * to list all spells.
Flames lash the ice devil but do no damage.
The ice devil hits you.
* * * LOW HITPOINT WARNING * * *
The ice devil freezes you! You resist.
* * * LOW HITPOINT WARNING * * *
The death yak simulacrum gores you.
* * * LOW HITPOINT WARNING * * *
The death yak simulacrum freezes you! You resist.
* * * LOW HITPOINT WARNING * * *
Casting: Scorch (safe; 4% risk of failure)
Confirm with . or Enter, or press ? or * to list all spells.
Flames lash the ice devil.
The ice devil is burned terribly!
The ice devil is moderately wounded.
The ice devil barely misses you.
Casting: Scorch (safe; 4% risk of failure)
Confirm with . or Enter, or press ? or * to list all spells.
Flames lash the ice devil but do no damage.
The death yak simulacrum gores you!!
You die...

......
.....
#...#
##...
#...#
#...##
#...#
##Z4.##
##.@...##
#...∩...#
#...∩...#
##.....##
##...##
#####


You could see an ice devil (combustible) and a death yak simulacrum
(combustible).

Vanquished Creatures
  An orc warlord (Bailey)
  A hydra (Lair:4)
  A catoblepas (Lair:2)
  A two-headed ogre (D:6)
  2 cyclopes (D:7)
  A black mamba (Lair:4)
  5 cane toads
  A rime drake (Lair:3)
  3 komodo dragons
  2 polar bears (Lair:3)
  3 trolls
  Grinder (D:6)
  4 blink frogs (Lair:1)
  A snapping turtle (Lair:3)
  A dream sheep (Lair:4)
  A shadow (D:9)
  Sigmund (D:2)
  4 wyverns
  37 yaks
  3 basilisks
  A steam dragon (D:7)
  8 water moccasins
  5 sky beasts
  An ice beast (D:6)
  3 black bears
  12 orc warriors
  19 wolves
  An ogre (D:4)
  4 centaurs
  A phantom (D:6)
  3 kobold brigands
  11 bullfrogs
  A gnoll sergeant (D:6)
  2 necrophages
  A scorpion (D:6)
  15 wights
  7 killer bees
  4 electric eels
  2 howler monkeys (D:9)
  5 hounds
  2 jellies
  An orc priest (D:9)
  Natasha (thrice) (D:2)
  3 iguanas
  An orc wizard (D:8)
  A spriggan simulacrum (IceCv)
  5 adders
  20 gnolls
  A shadow imp (D:7)
  5 white imps
  An ufetubus (D:6)
  2 dart slugs
  29 orcs
  A ball python (D:3)
  5 endoplasms
  2 giant cockroaches (D:1)
  21 goblins
  7 hobgoblins
  2 jackals (D:5)
  5 quokkas
  7 bats
  4 frilled lizards
  16 kobolds
  7 rats
331 creatures vanquished.

Vanquished Creatures (others)
  A wyvern (D:7)
  10 fungi
  22 plants
33 creatures vanquished.

Grand Total: 364 creatures vanquished

Notes
Turn   | Place    | Note
-------+----------+-------------------------------------------
     0 | D:1      | melvinkitnick the Deep Elf Ice Elementalist began the quest
                  | for the Orb.
     0 | D:1      | Reached XP level 1. HP: 10/10 MP: 6/6
   320 | D:1      | Reached XP level 2. HP: 15/15 MP: 6/8
   562 | D:1      | Reached skill level 5 in Ice Magic
   997 | D:2      | Found a faded altar of an unknown god.
  1033 | D:2      | Noticed Sigmund
  1085 | D:2      | Identified the +6 dagger of Defiance {drain, rC+}
  1219 | D:2      | Reached XP level 3. HP: 18/19 MP: 10/10
  1223 | D:2      | Learned a level 3 spell: Frozen Ramparts
  1321 | D:2      | Got the Volume of Transformation and Translocation
  1341 | D:2      | Noticed Natasha
  1349 | D:2      | Killed Natasha
  1724 | D:2      | Noticed Natasha
  1729 | D:2      | Killed Natasha
  1730 | D:2      | Reached skill level 6 in Ice Magic
  1730 | D:2      | Reached XP level 4. HP: 24/24 MP: 6/12
  1735 | D:2      | Learned a level 4 spell: Hailstorm
  1804 | D:2      | Learned a level 3 spell: Ozocubu's Armour
  1809 | D:2      | Reached skill level 1 in Conjurations
  1810 | D:2      | Reached skill level 1 in Fighting
  1964 | D:2      | Noticed Natasha
  1969 | D:2      | Killed Natasha
  1970 | D:2      | Reached XP level 5. HP: 24/29 MP: 7/13
  2052 | D:2      | Killed Sigmund
  2053 | D:2      | Reached XP level 6. HP: 29/36 MP: 2/14
  2757 | D:4      | You fall into a shaft and drop 3 floors!
  2823 | D:5      | Entered Level 5 of the Dungeon
  3196 | D:4      | Found a shimmering blue altar of Sif Muna.
  3320 | D:4      | Found Baythaiw's Antique Weapon Emporium.
  3959 | D:5      | Reached XP level 7. HP: 42/42 MP: 4/15
  4183 | D:5      | Found a staircase to the Ecumenical Temple.
  4200 | Temple   | Entered the Ecumenical Temple
  4773 | D:6      | Reached skill level 7 in Ice Magic
  5192 | D:6      | Noticed a two-headed ogre
  5193 | D:6      | Reached XP level 8. HP: 48/48 MP: 4/16
  5504 | D:6      | Killed a two-headed ogre
  5505 | D:6      | Reached skill level 8 in Ice Magic
  5716 | D:6      | Found a glowing silver altar of Zin.
  5718 | D:6      | Found Zin's Purification Station.
  6047 | D:6      | Reached XP level 9. HP: 56/57 MP: 0/17
  6451 | D:6      | Noticed Grinder
  6459 | D:6      | Killed Grinder
  6460 | D:6      | Reached skill level 1 in Evocations
  6926 | D:7      | Noticed a cyclops
  6937 | D:7      | Killed a cyclops
  6938 | D:7      | Reached skill level 5 in Spellcasting
  7076 | D:7      | Reached skill level 9 in Ice Magic
  7735 | D:7      | Learned a level 5 spell: Freezing Cloud
  7802 | D:7      | Noticed a komodo dragon
  7808 | D:7      | Killed a komodo dragon
  7809 | D:7      | Reached XP level 10. HP: 64/64 MP: 6/21
  8104 | D:7      | Reached skill level 5 in Conjurations
  8225 | D:7      | Noticed a cyclops
  8233 | D:7      | Killed a cyclops
  9262 | D:8      | Found a radiant altar of Vehumet.
  9271 | D:8      | Reached skill level 10 in Ice Magic
  9285 | D:8      | Became a worshipper of Vehumet
  9442 | D:8      | Found a hide-covered altar of Uskayaw.
  9773 | D:8      | Reached skill level 11 in Ice Magic
  9989 | D:8      | Reached * piety under Vehumet
  9989 | D:8      | Offered knowledge of Magic Dart by Vehumet.
  9991 | D:8      | Reached XP level 11. HP: 66/68 MP: 19/25
 10001 | D:8      | Found a staircase to the Lair.
 10535 | D:9      | Found a flagged portal.
 10555 | D:9      | Reached skill level 12 in Ice Magic
 10580 | Bailey   | Entered a bailey
 10677 | Bailey   | Learned a level 1 spell: Apportation
 10683 | Bailey   | Learned a level 5 spell: Irradiate
 10792 | Bailey   | Reached ** piety under Vehumet
 10843 | Bailey   | Offered knowledge of Foxfire by Vehumet.
 11180 | Bailey   | Noticed an orc warlord
 11190 | Bailey   | Reached skill level 5 in Dodging
 11194 | Bailey   | Killed an orc warlord
 11195 | Bailey   | Reached skill level 5 in Evocations
 11311 | Bailey   | Identified the +5 long sword of Crystal {antimagic, rF+
                  | Stlth+}
 11362 | D:9      | Acquired a staff of cold
 11382 | D:9      | Offered knowledge of Conjure Flame by Vehumet.
 11427 | D:9      | Found a glowing golden altar of the Shining One.
 12122 | D:10     | Entered Level 10 of the Dungeon
 12240 | Lair:1   | Entered Level 1 of the Lair of Beasts
 12273 | Lair:1   | Reached skill level 13 in Ice Magic
 12293 | Lair:1   | Reached *** piety under Vehumet
 12400 | Lair:1   | Identified the +7 flail of Hubris {freeze, rC- rCorr Int+3
                  | Dex-5}
 12428 | Lair:1   | Found a runed translucent door.
 12430 | Lair:1   | Noticed melvinkitnick's ghost (journeyman DEEE)
 12431 | Lair:1   | Identified the +4 spear of Gobbuom {freeze, Drain rPois
                  | rN++ rCorr Int+3}
 13339 | Lair:2   | Found a staircase to the Snake Pit.
 13384 | Lair:2   | Noticed a catoblepas
 13392 | Lair:2   | Killed a catoblepas
 13393 | Lair:2   | Reached XP level 12. HP: 72/75 MP: 19/26
 13575 | Lair:2   | Offered knowledge of Inner Flame by Vehumet.
 14330 | Lair:3   | Reached skill level 14 in Ice Magic
 14766 | Lair:3   | Found a staircase to the Shoals.
 14851 | Lair:3   | Reached **** piety under Vehumet
 15243 | Lair:4   | Identified the +0 chain mail of the Endless Expanse {-Tele
                  | rF++ Int+6}
 15442 | Lair:4   | Noticed a six-headed hydra
 15447 | Lair:4   | Offered knowledge of Iskenderun's Battlesphere by Vehumet.
 15448 | Lair:4   | Killed a six-headed hydra
 16138 | Lair:4   | Identified the +1 robe "Keut" {*Corrode Fly Regen+ Str+2}
 16430 | Lair:5   | Found a frozen archway.
 16436 | IceCv    | Entered an ice cave
 16446 | IceCv    | Learned a level 2 spell: Scorch
 16494 | IceCv    | Slain by a death yak simulacrum

Illustrated notes

Levels and vault maps discovered:
D:1:      lightli_arrival_quake, layout_rooms, minivault_5, minmay_pentomino_o4
D:2:      layout_basic, ebering_ecumenical_altar_mist, uniq_natasha,
          uniq_sigmund
D:3:      layout_rooms
D:4:      layout_loops_ring, nicolae_sif_muna_little_library, serial_shops,
          nicolae_shop_waterfront
D:5:      layout_gridville, minmay_temple_entry_statues
D:6:      layout_loops_ring, zin_purify, uniq_grinder
D:7:      nzn_winding_woodlands_medium [nzn_winding_woodlands_5x5_default,
          nzn_winding_woodlands_5x15_lazy_stream,
          nzn_winding_woodlands_5x5_three,
          nzn_winding_woodlands_5x5_checkerboard,
          nzn_winding_woodlands_center_diamonds,
          nzn_winding_woodlands_5x5_open_star, nzn_winding_woodlands_hourglass,
          nzn_winding_woodlands_5x15_cabin,
          nzn_winding_woodlands_5x5_closed_star], layout_gridville,
          nicolae_elevator_lobby_plus
D:8:      layout_rooms, nicolae_vehumet_altar_sigil,
          nicolae_uskayaw_murder_on_the_dancefloor, erik_lair_island,
          minmay_misc_feat_tiny
D:9:      layout_basic, nicolae_overflow_crystal_walls, enter_bailey_6
D:10:     layout_layer_cave, mainiacjoe_overflow_alcove_2,
          nicolae_hepliaklqana_hazy_memory, nicolae_qazlal_scattered_showers,
          minitemple
Temple:   corrupted_temple
Lair:1:   layout_cave_pods, ebering_ghost_funeral_grove,
          chequers_serial_rivers_micro_d
Lair:2:   layout_misc_corridors, dummy_snake_entry
Lair:3:   layout_small_grid, minmay_shoals_entry_hut
Lair:4:   layout_layer_cave, chequers_serial_rivers_room_b,
          grunt_forest_large_clearing_hut, grunt_megastairs_2, lemuel_fruit_tree
Lair:5:   layout_layer_cave, portal_ice_cave_entry_pillars_2,
          lemuel_fruit_fields
IceCv:    ice_cave_tombish

Skill      XL: |  1  2  3  4  5  6  7  8  9 10 11 12 |
---------------+-------------------------------------+-----
Ice Magic      | 5 6 7 8 9 11 13 14 | 14.8
Spellcasting   | 4 6 8 |  8.0
Conjurations   | 1 3 4 8 |  8.0
Fighting       | 1 2 3 4 7 8 9 |  9.4
Evocations     | 3 4 6 7 |  7.6
Dodging        | 4 6 8 |  8.0
Stealth        | |  2.4

Action                   |  1- 3 |  4- 6 |  7- 9 | 10-12 || total
-------------------------+-------+-------+-------+-------++-------
Melee: Dagger            |    20 |    13 |    86 |    75 ||   194
       Punch             |       |       |     2 |     3 ||     5
       Staff             |       |       |       |    51 ||    51
Throw: Javelin           |       |     1 |     1 |       ||     2
       Throwing net      |       |       |     2 |       ||     2
       Dart              |       |       |       |     1 ||     1
 Cast: Freeze            |    31 |    22 |    15 |    16 ||    84
       Frozen Ramparts   |     3 |    11 |    19 |    41 ||    74
       Ozocubu's Armour  |       |     3 |    16 |    13 ||    32
       Hailstorm         |       |     1 |    39 |   127 ||   167
       Apportation       |       |       |       |    11 ||    11
       Freezing Cloud    |       |       |       |    10 ||    10
       Scorch            |       |       |       |     6 ||     6
       Irradiate         |       |       |       |     1 ||     1
Evoke: Wand              |       |       |     5 |     2 ||     7
  Use: Scroll            |     8 |     7 |     2 |    11 ||    28
       Potion            |       |       |       |     1 ||     1
 Stab: Sleeping          |     3 |     7 |     4 |       ||    14
Armor: Robe              |     6 |     2 |    25 |    13 ||    46
       Skin              |       |       |       |    13 ||    13
       Troll leather arm |       |       |       |    24 ||    24
Dodge: Dodged            |    25 |    20 |    77 |   144 ||   266

Table legend: (Time is in decaauts)
 A = Elapsed time spent in this place.
 B = Non-inter-level travel time spent in this place.
 C = Inter-level travel time spent in this place.
 D = Time resting spent in this place.
 E = Time spent auto-exploring this place.
 F = Levels seen in this place.
 G = Mean time per level.
                   A        B        C        D        E       F      G
               +--------+--------+--------+--------+--------+-----+--------+
         Total |  16540 |  16071 |    469 |   4368 |   8371 |  18 |  918.9 |
       Dungeon |  11449 |  11109 |    340 |   3408 |   5299 |  10 | 1144.9 |
        Temple |     49 |     36 |     13 |      0 |     28 |   1 |   49.0 |
          Lair |   4204 |   4089 |    115 |    536 |   3043 |   5 |  840.8 |
        Bailey |    779 |    779 |      0 |    397 |      0 |   1 |  779.0 |
      Ice Cave |     56 |     56 |      0 |     27 |      0 |   1 |   56.0 |
               +--------+--------+--------+--------+--------+-----+--------+

Top non-repeatable levels by time:
     D:7: 2575 daAuts
     D:6: 1895 daAuts
     D:8: 1290 daAuts
     D:2: 1272 daAuts
  Lair:3: 1261 daAuts
  Lair:4: 1203 daAuts
     D:5: 1107 daAuts
  Lair:1: 1099 daAuts
     D:9: 970 daAuts
     D:1: 880 daAuts
     D:4: 879 daAuts
  Bailey: 779 daAuts
  Lair:2: 622 daAuts
     D:3: 518 daAuts
    D:10: 59 daAuts
